 Dungeon Sprint DCSS version 0.29-a0-330-g52719c12eb (webtiles) character file.

Game seed: 5439698248884740283

16800000 thiscave3701365 the Archmage (level 27, -1/228 HPs)
             Began as a Djinni Warper on Apr 12, 2022.
             Was the Champion of Makhleb.
             Killed by an exploding large bag of meat (8 damage)
             ... ignited by their inner flame
             ... in the Dungeon (Sprint VIII: "Arena of Blood").
             The game lasted 00:03:49 (168 turns).

thiscave3701365 the Archmage (Djinni Warper)         Turns: 168, Time: 00:03:50

Health: -1/228     AC:  6    Str: 20    XL:     27
Gold:   0          EV: 26    Int: 18    God:    Makhleb [******] SH:  0 Dex: 14

rFire   + + .      SeeInvis +   i - +∞ Axe of Woe
rCold   x . .      Faith    .   (shield currently unavailable)
rNeg    . . .      Spirit   .   b - +0 leather armour
rPois   ∞          Reflect  .   (no helmet)
rElec   .          Harm     .   (no cloak)
rCorr   .          Rampage  .   (no gloves)
Will    ++...      NoTele   +   (boots unavailable)
Stlth   +++.......              (no amulet)
HPRegen 0.48/turn               j - ring of see invisible
MPRegen 0.00/turn               (no ring)

@: flying, slowed, very slow
A: sickness immunity, fire resistance 2, cold vulnerability 1, float, innate
caster, HP casting, extra vitality 1
0: Orb of Zot
a: Renounce Religion, Minor Destruction, Lesser Servant of Makhleb, Major
Destruction, Greater Servant of Makhleb


You were in the Dungeon.
You worshipped Makhleb.
Makhleb was exalted by your worship.
You visited 1 branch

Inventory:

Hand Weapons
 a - a +0 hand axe
 i - the +∞ Axe of Woe (weapon)
   (You found it in the Dungeon)
Missiles
 d - 7 boomerangs of dispersal
Armour
 b - a +0 leather armour (worn)
Jewellery
 j - a ring of see invisible (left hand)
 k - a +30 ring of slaying
 l - a +30 ring of slaying
Scrolls
 c - 2 scrolls of blinking
Potions
 e - a potion of curing
 f - a potion of heal wounds
 g - a potion of haste
 h - a potion of berserk rage


   Skills:
 O Level 27 Fighting
 O Level 27 Short Blades
 O Level 27 Long Blades
 O Level 27 Axes
 O Level 27 Maces & Flails
 O Level 27 Polearms
 O Level 27 Staves
 O Level 27 Slings
 O Level 27 Bows
 O Level 27 Crossbows
 O Level 27 Throwing
 O Level 27 Armour
 O Level 27 Dodging
 O Level 27 Stealth
 O Level 27 Shields
 O Level 27 Unarmed Combat
 O Level 27 Spellcasting
 O Level 27 Invocations
 O Level 27 Evocations


You couldn't memorise any spells.
You knew the following spells:

 Your Spells              Type           Power      Damage    Failure   Level
a - Blink                 Tloc           100%       N/A       0%          2
b - Lesser Beckoning      Tloc           88%        N/A       0%          3
c - Gell's Gravitas       Tloc           88%        N/A       0%          3
d - Teleport Other        Tloc           88%        N/A       0%          3
e - Manifold Assault      Tloc           88%        N/A       0%          5
f - Beastly Appendage     Tmut           100%       N/A       0%          1
g - Poisonous Vapours     Pois/Air       100%       N/A       0%          2
h - Scorch                Fire           100%       2d10      0%          2
i - Olgreb's Toxic Radia  Pois           88%        N/A       0%          4
j - Silence               Hex/Air        44%        N/A       0%          5
k - Lee's Rapid Deconstr  Erth           44%        3d22*     0%          5
l - Death Channel         Necr           44%        N/A       0%          6
m - Enfeeble              Hex            44%        N/A       1%          7
n - Haunt                 Necr/Summ      44%        N/A       1%          7
o - Discord               Hex            44%        N/A       1%          8
p - Orb of Destruction    Conj           44%        9d12      1%          7
q - Necromutation         Tmut/Necr      44%        N/A       1%          8
r - Fire Storm            Conj/Fire      44%        8d11      2%          9
Your spell library was empty.

Dungeon Overview and Level Annotations

Branches:
Dungeon (1/1)

Altars:
Makhleb


Innate Abilities, Weirdness & Mutations

You are immune to sickness and miasma.
You are immune to poison.
Your flesh is very heat resistant. (rF++)
You are vulnerable to cold. (rC-)
You float through the air rather than walking.
You learn spells naturally, not from books.
Your magical power is your life essence.
You have superior vitality. (+4 MHP)


Message History

The large bag of meat is engulfed in blazing flames.
The fleshlord casts a spell.
The fleshlord seems to speed up.
You hear a shout!
A scourge comes into view.
The eight-headed meat hydra calls on the powers of darkness!
The eight-headed meat hydra convulses!
The large bag of meat convulses!
Flame seeps out of the large bag of meat.
The fleshlord convulses!
The bag of meat convulses!
Your body is wracked with pain!
* * * LOW HITPOINT WARNING * * *
You hear a shout! x2
A bag of meat comes into view. It is wielding a +9 war axe.
A scourge comes into view.
You hear a shout!
A scourge and a sculptor of flesh come into view.
The scourge appears out of thin air!
A scourge comes into view.
The bag of meat shouts!
You hear a shout! x4
The dread is engulfed in blazing flames.
The large bag of meat is engulfed in blazing flames.
The dread throws damnation at you.
The sphere of damnation explodes!
The damnation engulfs you!!
* * * LOW HITPOINT WARNING * * *
The damnation engulfs the bag of meat!!
The damnation engulfs the large bag of meat!!
Flame seeps out of the large bag of meat.
You hear a shout! x2
A fleshlord comes into view. It is wielding a +9 great mace.
The fleshlord points at you and mumbles some strange words.
You barely resist.
A sculptor of flesh comes into view. It is wielding a +9 great sword.
The bag of meat hits you with a +9 war axe!!
* * * LOW HITPOINT WARNING * * *
A fleshlord comes into view. It is wielding a +9 great mace.
The meat berserker rages.
The large bag of meat is engulfed in blazing flames.
The large bag of meat explodes!
The fiery explosion engulfs you! You resist.
You die...

).. )) #.. .)# .
#.W. z)#
...###... oo###p
..).....###p)..zp
#))...)))§)○°zDS
)))).)#.oo○§# ○)
))).).#_)@§§#..).
.)))))#))).)#§§§)
#).)O)p.S_W.)☼○..
..o.)).)###.)))))
.)G###)..)..○###)
.o...#.)).)SS#.))
....#.).)).)#..)
.)).))......))..
....).)..)..)...


You could see an eight-headed meat hydra, an observer (fast, invisible), 3
scourges, 4 fleshlords, 3 sculptors of flesh, 2 dreads, a meat berserker
(berserk) and 5 bags of meat.

Vanquished Creatures
  Dispater (D)
  17 hell knights (D)
  Sigmund (D)
  11 hell beasts (D)
  16 royal mummies (D)
  16 great orbs of eyes (D)
  7 wraiths (D)
  22 vampire knights (D)
  62 ogres (D)
  7 two-headed ogres (D)
  7 liches (D)
  10 hydras (D)
  12 phantoms (D)
  99 orcs (D)
  7 skeletal warriors (D)
  15 sea snakes (D)
310 creatures vanquished.

Vanquished Creatures (others)
  A two-headed ogre (D)
1 creature vanquished.

Grand Total: 311 creatures vanquished

Notes
Turn   | Place    | Note
-------+----------+-------------------------------------------
     0 | D        | Found the +∞ Axe of Woe
     0 | D        | thiscave3701365 the Djinni Warper began the quest for the
                  | Orb.
     0 | D        | Reached XP level 1. HP: 18/18 MP: 0/0
     1 | D        | Noticed a bag of meat
     3 | D        | Became a worshipper of Makhleb the Destroyer
     3 | D        | Noticed a bag of meat
     6 | D        | Noticed a bag of meat
     7 | D        | Killed a bag of meat
     7 | D        | Noticed a bag of meat
     7 | D        | Noticed a bag of meat
     8 | D        | Reached skill level 10 in Dodging
     8 | D        | Reached skill level 15 in Spellcasting
     8 | D        | Reached XP level 2. HP: 34/34 MP: 0/0
     8 | D        | Reached XP level 3. HP: 39/39 MP: 0/0
     8 | D        | Learned a level 1 spell: Beastly Appendage
     8 | D        | Reached XP level 4. HP: 45/45 MP: 0/0
     8 | D        | Reached XP level 5. HP: 50/50 MP: 0/0
     8 | D        | Learned a level 2 spell: Poisonous Vapours
     8 | D        | Reached XP level 6. HP: 56/56 MP: 0/0
     8 | D        | Reached XP level 7. HP: 61/61 MP: 0/0
     8 | D        | Learned a level 2 spell: Scorch
     8 | D        | Reached XP level 8. HP: 67/67 MP: 0/0
     8 | D        | Reached XP level 9. HP: 72/72 MP: 0/0
     8 | D        | Learned a level 4 spell: Olgreb's Toxic Radiance
     8 | D        | Reached XP level 10. HP: 78/78 MP: 0/0
     8 | D        | Reached XP level 11. HP: 84/84 MP: 0/0
     8 | D        | Learned a level 5 spell: Silence
     8 | D        | Killed a bag of meat
     8 | D        | Reached * piety under Makhleb
     8 | D        | Noticed a bag of meat
     9 | D        | Reached skill level 10 in Fighting
     9 | D        | Reached XP level 12. HP: 92/92 MP: 0/0
     9 | D        | Killed a bag of meat
     9 | D        | Noticed a bag of meat
     9 | D        | Noticed a bag of meat
    10 | D        | Reached XP level 13. HP: 99/99 MP: 0/0
    10 | D        | Learned a level 5 spell: Lee's Rapid Deconstruction
    10 | D        | Killed a bag of meat
    10 | D        | Killed a bag of meat
    10 | D        | Reached ** piety under Makhleb
    10 | D        | Killed a bag of meat
    10 | D        | Killed a bag of meat
    11 | D        | Reached XP level 14. HP: 112/112 MP: 0/0
    11 | D        | Killed a bag of meat
    11 | D        | Reached *** piety under Makhleb
    12 | D        | Reached skill level 15 in Axes
    12 | D        | Reached XP level 15. HP: 113/118 MP: 0/0
    12 | D        | Learned a level 6 spell: Death Channel
    12 | D        | Noticed a meat berserker
    12 | D        | Noticed a meat berserker
    12 | D        | Noticed a meat berserker
    13 | D        | Killed a meat berserker
    13 | D        | Reached **** piety under Makhleb
    13 | D        | Killed a meat berserker
    13 | D        | Noticed a meat berserker
    13 | D        | Noticed a meat berserker
    13 | D        | Noticed a meat berserker
    14 | D        | Reached XP level 16. HP: 132/132 MP: 0/0
    14 | D        | Killed a meat berserker
    14 | D        | Killed a meat berserker
    14 | D        | Reached ***** piety under Makhleb
    14 | D        | Noticed a meat berserker
    14 | D        | Noticed a large bag of meat
    15 | D        | Reached skill level 27 in Spellcasting
    15 | D        | Reached XP level 17. HP: 146/146 MP: 0/0
    15 | D        | Learned a level 7 spell: Enfeeble
    15 | D        | Killed a meat berserker
    15 | D        | Killed a meat berserker
    16 | D        | Reached skill level 27 in Axes
    16 | D        | Reached skill level 5 in Armour
    16 | D        | Reached XP level 18. HP: 165/165 MP: 0/0
    16 | D        | Killed a large bag of meat
    16 | D        | Killed a meat berserker
    16 | D        | Reached ****** piety under Makhleb
    16 | D        | Noticed a meat berserker
    17 | D        | Reached skill level 27 in Fighting
    17 | D        | Reached skill level 27 in Dodging
    17 | D        | Reached XP level 19. HP: 174/174 MP: 0/0
    17 | D        | Learned a level 7 spell: Haunt
    17 | D        | Killed a meat berserker
    17 | D        | Noticed a meat berserker
    18 | D        | Reached skill level 5 in Throwing
    18 | D        | Killed a meat berserker
    18 | D        | Noticed a large bag of meat
    19 | D        | Reached skill level 5 in Short Blades
    19 | D        | Reached skill level 5 in Long Blades
    19 | D        | Reached skill level 5 in Staves
    19 | D        | Reached skill level 5 in Shields
    19 | D        | Reached skill level 5 in Unarmed Combat
    19 | D        | Reached skill level 5 in Invocations
    19 | D        | Reached skill level 5 in Evocations
    19 | D        | Noticed a destroyer
    19 | D        | Killed a destroyer
    20 | D        | Reached skill level 10 in Armour
    20 | D        | Reached XP level 20. HP: 181/181 MP: 0/0
    20 | D        | Noticed a meat berserker
    20 | D        | Noticed a meat berserker
    21 | D        | Killed a meat berserker
    21 | D        | Killed a large bag of meat
    22 | D        | Reached skill level 10 in Short Blades
    22 | D        | Reached skill level 10 in Long Blades
    22 | D        | Reached skill level 10 in Staves
    22 | D        | Reached skill level 10 in Throwing
    22 | D        | Reached skill level 10 in Shields
    22 | D        | Reached skill level 10 in Unarmed Combat
    22 | D        | Reached skill level 10 in Invocations
    22 | D        | Reached skill level 10 in Evocations
    22 | D        | Reached XP level 21. HP: 187/187 MP: 0/0
    22 | D        | Learned a level 8 spell: Discord
    22 | D        | Killed a meat berserker
    23 | D        | Reached skill level 10 in Maces & Flails
    23 | D        | Reached skill level 10 in Polearms
    23 | D        | Reached skill level 10 in Slings
    23 | D        | Reached skill level 10 in Bows
    23 | D        | Reached skill level 10 in Crossbows
    23 | D        | Reached skill level 10 in Stealth
    23 | D        | Noticed a large bag of meat
    23 | D        | Killed a large bag of meat
    24 | D        | Noticed a destroyer
    24 | D        | Killed a destroyer
    24 | D        | Noticed a destroyer
    25 | D        | Reached skill level 15 in Armour
    25 | D        | Reached XP level 22. HP: 194/194 MP: 0/0
    25 | D        | Killed a destroyer
    26 | D        | Noticed a meat berserker
    27 | D        | Killed a meat berserker
    29 | D        | Reached skill level 15 in Shields
    29 | D        | Reached skill level 15 in Unarmed Combat
    29 | D        | Reached skill level 15 in Invocations
    29 | D        | Reached skill level 15 in Evocations
    29 | D        | Reached XP level 23. HP: 201/201 MP: 0/0
    29 | D        | Learned a level 7 spell: Orb of Destruction
    35 | D        | Reached skill level 27 in Stealth
    36 | D        | Reached skill level 15 in Short Blades
    36 | D        | Reached skill level 15 in Long Blades
    36 | D        | Reached skill level 15 in Staves
    36 | D        | Reached skill level 15 in Throwing
    36 | D        | Reached XP level 24. HP: 181/208 MP: 0/0
    37 | D        | Noticed a destroyer
    39 | D        | Noticed a destroyer
    41 | D        | Noticed a destroyer
    41 | D        | Killed a destroyer
    41 | D        | Killed a destroyer
    42 | D        | Reached skill level 15 in Maces & Flails
    42 | D        | Reached skill level 15 in Polearms
    42 | D        | Reached skill level 15 in Slings
    42 | D        | Reached skill level 15 in Bows
    42 | D        | Reached skill level 15 in Crossbows
    44 | D        | Noticed an accursed
    45 | D        | Noticed an accursed
    46 | D        | Noticed a tyrant
    46 | D        | Killed an accursed
    47 | D        | Reached XP level 25. HP: 108/214 MP: 0/0
    47 | D        | Learned a level 8 spell: Necromutation
    50 | D        | Killed a tyrant
    50 | D        | Killed an accursed
    51 | D        | Reached XP level 26. HP: 105/221 MP: 0/0
    54 | D        | Noticed a destroyer
    55 | D        | Killed a destroyer
    56 | D        | Noticed an accursed
    56 | D        | Killed an accursed
    57 | D        | Noticed a tyrant
    57 | D        | Killed a tyrant
    58 | D        | Reached XP level 27. HP: 194/228 MP: 0/0
    58 | D        | Learned a level 9 spell: Fire Storm
    59 | D        | Noticed The Captor
    61 | D        | Killed The Captor
    62 | D        | Noticed a meat beast
    62 | D        | Killed a meat beast
    63 | D        | Reached skill level 27 in Armour
    63 | D        | Noticed a tyrant
    64 | D        | Killed a tyrant
    65 | D        | Noticed an accursed
    66 | D        | Noticed a dread
    66 | D        | Killed a dread
    66 | D        | Killed an accursed
    67 | D        | Reached skill level 27 in Short Blades
    67 | D        | Reached skill level 27 in Long Blades
    67 | D        | Reached skill level 27 in Staves
    67 | D        | Reached skill level 27 in Shields
    67 | D        | Reached skill level 27 in Unarmed Combat
    67 | D        | Reached skill level 27 in Invocations
    67 | D        | Reached skill level 27 in Evocations
    67 | D        | Noticed a meat beast
    68 | D        | Killed a meat beast
    69 | D        | Reached skill level 27 in Maces & Flails
    69 | D        | Reached skill level 27 in Polearms
    69 | D        | Reached skill level 27 in Slings
    69 | D        | Reached skill level 27 in Bows
    69 | D        | Reached skill level 27 in Crossbows
    69 | D        | Reached skill level 27 in Throwing
    69 | D        | Noticed a meat beast
    70 | D        | Noticed a dread
    70 | D        | Killed a meat beast
    70 | D        | Killed a dread
    73 | D        | Noticed a meat beast
    73 | D        | Noticed a destroyer
    74 | D        | Killed a meat beast
    74 | D        | Killed a destroyer
    75 | D        | Noticed a destroyer
    75 | D        | Noticed a dread
    76 | D        | Killed a destroyer
    76 | D        | Killed a dread
    77 | D        | Noticed a meat beast
    77 | D        | Killed a meat beast
    77 | D        | Noticed an accursed
    78 | D        | Killed an accursed
    88 | D        | Noticed a tyrant
    88 | D        | Noticed an accursed
    88 | D        | Killed an accursed
    88 | D        | Killed a tyrant
    89 | D        | Noticed a tyrant
    90 | D        | Noticed an accursed
    90 | D        | Killed an accursed
    92 | D        | Noticed an accursed
    92 | D        | Killed an accursed
    93 | D        | Noticed a meat beast
    93 | D        | Noticed an accursed
    94 | D        | Killed a meat beast
    94 | D        | Killed an accursed
    95 | D        | Killed a tyrant
    97 | D        | Noticed a tyrant
    97 | D        | Killed a tyrant
   106 | D        | Noticed a destroyer
   107 | D        | Noticed a large bag of meat
   107 | D        | Killed a destroyer
   107 | D        | Noticed an accursed
   108 | D        | Noticed a large bag of meat
   109 | D        | Noticed a dread
   109 | D        | Killed a dread
   109 | D        | Killed an accursed
   109 | D        | Noticed a destroyer
   110 | D        | Killed a destroyer
   110 | D        | Killed a large bag of meat
   110 | D        | Noticed an accursed
   111 | D        | Killed a large bag of meat
   111 | D        | Noticed a meat beast
   112 | D        | Noticed a destroyer
   113 | D        | Killed a meat beast
   113 | D        | Killed an accursed
   116 | D        | Noticed a fleshlord
   116 | D        | Noticed an accursed
   117 | D        | Noticed a fleshlord
   119 | D        | Killed a fleshlord
   119 | D        | Killed a destroyer
   120 | D        | Killed an accursed
   121 | D        | Noticed a fleshlord
   121 | D        | Killed a fleshlord
   121 | D        | Killed a fleshlord
   122 | D        | Noticed a fleshlord
   122 | D        | Killed a fleshlord
   123 | D        | Noticed a fleshlord
   123 | D        | Killed a fleshlord
   123 | D        | Noticed a fleshlord
   124 | D        | Killed a fleshlord
   127 | D        | Noticed a fleshlord
   128 | D        | Killed a fleshlord
   130 | D        | Noticed a fleshlord
   130 | D        | Noticed a dread
   130 | D        | Noticed a fleshlord
   131 | D        | Killed a dread
   131 | D        | Killed a fleshlord
   131 | D        | Killed a fleshlord
   132 | D        | Noticed a destroyer
   133 | D        | Killed a destroyer
   133 | D        | Noticed a destroyer
   134 | D        | Killed a destroyer
   136 | D        | Noticed an accursed
   137 | D        | Killed an accursed
   138 | D        | Noticed a fleshlord
   139 | D        | Noticed a dread
   139 | D        | Noticed a destroyer
   139 | D        | Noticed an accursed
   139 | D        | Noticed a fleshlord
   140 | D        | Killed a fleshlord
   140 | D        | Killed a destroyer
   140 | D        | Noticed a dread
   140 | D        | Noticed a fleshlord
   141 | D        | Killed an accursed
   141 | D        | Killed a dread
   141 | D        | Killed a fleshlord
   142 | D        | Noticed a destroyer
   142 | D        | Noticed a fleshlord
   143 | D        | Noticed a meat beast
   144 | D        | Killed a fleshlord
   144 | D        | Killed a meat beast
   145 | D        | Noticed a destroyer
   145 | D        | HP: 10/228 [destroyer/+9 vorpal great sword (218)]
   146 | D        | Killed a destroyer
   147 | D        | Killed a destroyer
   147 | D        | Noticed a destroyer
   148 | D        | Killed a destroyer
   148 | D        | Noticed a destroyer
   148 | D        | Noticed a large bag of meat
   149 | D        | Killed a large bag of meat
   149 | D        | Killed a destroyer
   149 | D        | Noticed The Meatlord
   150 | D        | Killed The Meatlord
   151 | D        | Noticed a meat beast
   152 | D        | Killed a meat beast
   152 | D        | Noticed an accursed
   153 | D        | Killed an accursed
   153 | D        | Noticed a dread
   154 | D        | Got the Orb of Zot
   154 | D        | Noticed a destroyer
   154 | D        | Noticed a large bag of meat
   154 | D        | Noticed a fleshlord
   155 | D        | Killed a fleshlord
   155 | D        | Noticed a fleshlord
   155 | D        | Noticed a fleshlord
   155 | D        | Noticed a tyrant
   156 | D        | Killed a destroyer
   156 | D        | Killed a fleshlord
   157 | D        | Killed a tyrant
   158 | D        | Killed a large bag of meat
   158 | D        | Noticed a meat beast
   158 | D        | Noticed a fleshlord
   158 | D        | Noticed a destroyer
   159 | D        | Killed a fleshlord
   159 | D        | Noticed a meat beast
   159 | D        | Noticed an accursed
   159 | D        | Noticed a fleshlord
   160 | D        | Killed an accursed
   160 | D        | Killed a meat beast
   160 | D        | Killed a fleshlord
   161 | D        | Killed a destroyer
   162 | D        | Noticed a destroyer
   162 | D        | Killed a meat beast
   162 | D        | Noticed a large bag of meat
   163 | D        | Killed a destroyer
   163 | D        | Noticed a destroyer
   163 | D        | Noticed a dread
   164 | D        | Killed a fleshlord
   165 | D        | Killed a dread
   165 | D        | Noticed a dread
   165 | D        | Noticed a large bag of meat
   165 | D        | Noticed a fleshlord
   166 | D        | Killed a destroyer
   166 | D        | Noticed a meat beast
   166 | D        | Noticed a fleshlord
   168 | D        | Noticed a fleshlord
   168 | D        | HP: 7/228 [bag of meat/+9 war axe (24)]
   168 | D        | Noticed a fleshlord
   168 | D        | Killed a large bag of meat
   168 | D        | Killed by an exploding large bag of meat... ignited by
                  | their inner flame

Illustrated notes

Levels and vault maps discovered:
D:        meatsprint

Skill      XL: |  1  2  3  4  5  6  7  8  9 10 11 12 13 14 15 16 17 18 19 20 21 22 23 24 25 26 27 |
---------------+----------------------------------------------------------------------------------+-----
Fighting       | 9 10 11 14 18 21 25 27 | 27.0
Axes           | 8 9 11 14 15 19 23 27 | 27.0
Throwing       | 3 4 9 10 13 14 15 17 18 20 27 | 27.0
Armour         | 2 3 4 5 10 12 15 16 17 20 22 23 27 | 27.0
Dodging        | 10 11 12 14 16 18 20 27 | 27.0
Spellcasting   | 15 18 19 22 23 26 27 | 27.0
Short Blades   | 8 10 13 14 15 18 20 22 27 | 27.0
Long Blades    | 8 10 13 14 15 18 20 22 27 | 27.0
Maces & Flails | 7 9 12 13 14 16 18 19 27 | 27.0
Polearms       | 7 9 12 13 14 16 18 19 27 | 27.0
Staves         | 8 10 13 14 15 18 19 21 27 | 27.0
Slings         | 7 9 12 13 14 16 18 19 27 | 27.0
Bows           | 7 9 12 13 14 16 18 19 27 | 27.0
Crossbows      | 7 9 12 13 14 16 18 19 27 | 27.0
Stealth        | 7 9 12 13 27 | 27.0
Shields        | 8 10 13 15 16 19 20 22 27 | 27.0
Unarmed Combat | 8 10 13 15 16 19 20 22 27 | 27.0
Invocations    | 8 10 13 15 16 19 20 22 27 | 27.0
Evocations     | 8 10 13 15 16 19 20 22 27 | 27.0

Action                   |  1- 3 |  4- 6 |  7- 9 | 10-12 | 13-15 | 16-18 | 19-21 | 22-24 | 25-27 || total
-------------------------+-------+-------+-------+-------+-------+-------+-------+-------+-------++-------
Melee: Executioner's axe |     1 |       |       |     2 |     9 |     9 |    16 |    19 |   250 ||   306
 Cast: Manifold Assault  |       |       |       |       |     3 |     3 |     7 |     8 |    86 ||   107
Armor: Leather armour    |       |       |       |       |       |       |       |       |     3 ||     3
Dodge: Dodged            |       |       |       |       |       |       |       |     2 |     8 ||    10

Table legend: (Time is in decaauts)
 A = Elapsed time spent in this place.
 B = Non-inter-level travel time spent in this place.
 C = Inter-level travel time spent in this place.
 D = Time resting spent in this place.
 E = Time spent auto-exploring this place.
 F = Levels seen in this place.
 G = Mean time per level.
                   A        B        C        D        E       F      G
               +--------+--------+--------+--------+--------+-----+--------+
         Total |    158 |    158 |      0 |      0 |      0 |   1 |  158.0 |
       Dungeon |    158 |    158 |      0 |      0 |      0 |   1 |  158.0 |
               +--------+--------+--------+--------+--------+-----+--------+

Top non-repeatable levels by time:
       D: 158 daAuts
